 Seeded DCSS version 0.30.1-4-g462c640d31 (webtiles) character file.

Game seed: 20230804 (custom seed)

151 AccursedSamuel the Cudgeller (level 5, 0/33 HPs)
             Began as a Tengu Monk on Aug 10, 2023.
             Slain by an orc
             ... wielding a +0 trident
              (7 damage)
             ... on level 4 of the Dungeon.
             The game lasted 00:06:03 (2986 turns).

AccursedSamuel the Cudgeller (Tengu Monk)           Turns: 2986, Time: 00:06:04

Health: 0/33       AC:  7    Str: 12    XL:     5   Next: 33%
Magic:  5/5        EV: 12    Int: 10    God:
Gold:   145        SH:  0    Dex: 20    Spells: 4/4 levels left

rFire   . . .        a - +0 mace
rCold   . . .        d - orb {light}
rNeg    . . .        q - +1 scale mail
rPois   +            (helmet restricted)
rElec   .            (no cloak)
rCorr   .            (no gloves)
SInv    +            (boots unavailable)
Will    .....        (no amulet) Stlth
                     n - ring of poison resistance
HPRegen 0.25/turn    (no ring)
MPRegen 0.09/turn

%: no passive effects
@: flying quickly and evasively, glowing, quick
A: beak, talons 3, nimble flight, see invisible, agile 1, low MP 1
a: no special abilities


You were on level 4 of the Dungeon.
You visited 1 branch of the dungeon, and saw 4 of its levels.

You collected 145 gold pieces.

Inventory:

Hand Weapons
 a - a +0 mace (weapon)
Armour
 d - an orb of light (worn)
 q - a +1 scale mail (worn)
Jewellery
 n - a ring of poison resistance (left hand)
Wands
 o - a wand of flame (11)
Scrolls
 f - a scroll of blinking
 i - 2 scrolls of teleportation
 j - a scroll of identify
 k - a scroll of immolation {unknown}
 m - a scroll of enchant weapon {unknown}
Potions
 b - a potion of curing
 c - 3 potions of ambrosia
 e - a potion of invisibility {unknown}
 g - 2 potions of brilliance {unknown}
 h - 2 potions of mutation
 l - a potion of attraction {unknown}


   Skills:
 + Level 3.7 Fighting
 + Level 5.2 Maces & Flails
 + Level 0.4 Armour
 + Level 4.0 Dodging
 + Level 0.5 Stealth


You had 4 spell levels left.
You didn't know any spells.
Your spell library contained the following spells:

 Spells                   Type           Power      Damage    Failure   Level
 Apportation              Tloc           0%         N/A       91%         1
 Summon Forest            Summ/Tloc      0%         N/A       100%        5
 Dispersal                Tloc           0%         N/A       100%        6


Dungeon Overview and Level Annotations

Branches:
Dungeon (4/15)
 Temple: D:4-7

Altars:
Nemelex Xobeh
Vehumet
Wu Jian


Innate Abilities, Weirdness & Mutations

You have a beak for a mouth.
You have claws for feet.
Your magical nature lets you fly swiftly and evasively.
You have supernaturally acute eyesight. (SInv)
You are agile. (Dex +4, Str/Int -1)
Your magical capacity is low. (-10% MP)


Message History

You sock the adder! You claw the adder.
You kill the adder!
You see here an adder corpse.
You hit the plant but do no damage.
The plant begins to die.
You claw the plant.
The plant is lightly damaged.
You hit the plant but do no damage. You claw the plant!
The plant is lightly damaged.
You sock the plant! You claw the plant.
The plant is lightly damaged.
You hit the plant. You peck the plant.
The plant is lightly damaged.
A nearby plant withers and dies.
You hear the slow rusting of a very distant drain.
You reach down and open the door.
There is an open door here.
An orc priest comes into view. It is wielding a +0 hand axe.
The orc priest shouts!
You hear an angry hiss.
An orc comes into view. It is wielding a +0 trident.
An orc comes into view. It is wielding a +0 hand axe.
The orc shouts! x2; You hear a shout!
The orc priest mumbles some strange prayers to Beogh against you.
Pain shoots through your body!
The orc priest mumbles some strange prayers to Beogh against you.
Beogh smites you!
An orc comes into view. It is wielding a +0 morningstar.
You reach down and open the door.
An orc comes into view. It is wielding a +0 dagger.
The orc shouts!
You hit the orc priest.
You claw the orc priest, but do no damage.
The orc priest is lightly wounded.
The orc hits you from afar with a +0 trident!
* * * LOW HITPOINT WARNING * * *
The orc closely misses you. The orc priest misses you.
You sock the orc priest! You claw the orc priest.
You peck the orc priest, but do no damage.
The orc priest is almost dead.
The orc hits you from afar with a +0 trident!
You die...

# ## .## ..##
##########
#..######........######
........'.......@o....+
##.######.......o######
##+### #.......o....
.....# #.............
.....# ########......o
.....# #.......
.....##### #.......
.........# #.......
.........#


You could see an orc priest and 2 orcs.

Vanquished Creatures
  A hound (D:4)
  An orc wizard (D:3)
  3 adders
  2 worms
  4 dart slugs
  4 orcs (D:3)
  3 endoplasms
  2 giant cockroaches (D:3)
  4 goblins
  2 hobgoblins
  2 jackals (D:4)
  6 quokkas
  3 ball pythons
  5 bats
  2 frilled lizards
  2 kobolds (D:1)
  5 rats
51 creatures vanquished.

Notes
Turn   | Place    | Note
-------+----------+-------------------------------------------
     0 | D:1      | AccursedSamuel the Tengu Monk began the quest for the Orb.
     0 | D:1      | Reached XP level 1. HP: 14/14 MP: 2/2
   248 | D:1      | Reached XP level 2. HP: 19/19 MP: 3/3
   479 | D:1      | Found a faded altar of an unknown god.
   998 | D:2      | Reached XP level 3. HP: 12/23 MP: 4/4
  1162 | D:2      | Reached skill level 4 in Maces & Flails
  1834 | D:2      | Gained mutation: Your magical capacity is low. (-10% MP)
                  | [potion of mutation]
  1834 | D:2      | Gained mutation: You have supernaturally acute eyesight.
                  | (SInv) [potion of mutation]
  1834 | D:2      | Gained mutation: You are agile. (Dex +4, Str/Int -1)
                  | [potion of mutation]
  1977 | D:3      | Reached XP level 4. HP: 23/28 MP: 4/4
  2158 | D:3      | Got the Almanac of Location
  2938 | D:4      | Reached skill level 5 in Maces & Flails
  2938 | D:4      | Gained mutation: Your magical nature lets you fly swiftly
                  | and evasively. [Tengu growth]
  2938 | D:4      | Reached XP level 5. HP: 29/33 MP: 5/5
  2952 | D:4      | Found a radiant altar of Vehumet.
  2952 | D:4      | Found a sparkling altar of Nemelex Xobeh.
  2952 | D:4      | Found an ornate altar of the Wu Jian Council.
  2986 | D:4      | Slain by an orc

Illustrated notes

Levels and vault maps discovered:
D:1:      roderic_octagonal_star, layout_basic,
          hellmonk_ecumenical_altar_run_dry, minmay_box_of_dots
D:2:      layout_loops_ring
D:3:      layout_basic, serial_aquarium, aquarium_bridge_long_separate
          [aquarium_subvault_wall, aquarium_subvault_wall,
          aquarium_subvault_bridge, aquarium_subvault_wall,
          aquarium_subvault_bridge, aquarium_subvault_bridge],
          aquarium_window_1, aquarium_window_fake, aquarium_view_2d,
          aquarium_view_4, aquarium_pool_1
D:4:      layout_basic, gammafunk_temple_overflow_forgotten,
          portal_sewer_entry_b

Skill      XL: |  1  2  3  4 |
---------------+-------------+-----
Maces & Flails | 4 5 |  5.2
Dodging        | 4 |  4.0
Fighting       | |  3.7
Armour         | |  0.4
Stealth        | |  0.5

Action                     |  1- 3 |  4- 6 || total
---------------------------+-------+-------++-------
  Melee: Mace              |    67 |    34 ||   101
         Kick              |    16 |    17 ||    33
         Peck              |     9 |    10 ||    19
    Use: Potion            |     5 |       ||     5
         Scroll            |     6 |       ||     6
 Armour: Robe              |    13 |       ||    13
         Scale mail        |       |    11 ||    11
  Dodge: Dodged            |    53 |    19 ||    72
